Map: Ruins of Seras

Players

Pepechalo - Winner!

  • Race: Protoss Protoss
  • League: Gold

Frozzen

  • Race: Zerg Zerg
  • League: Gold

VOD

Have the link to the VOD?

Description

Time

  • Played on: Nov. 16, 2015, 4:41 p.m.
  • Length: 7:05
Show
View Real Time Build Order
Export as new Build Order

Pepechalo Protoss - Winner!

Build Orders:  

Get SALT Encoding   

  12  0:01  Probe (Chrono Boost)  
  13  0:13  Probe (Chrono Boost)  
  14  0:19  Pylon  
  14  0:23  Probe (Chrono Boost)  
  15  0:38  Probe (Chrono Boost)  
  16  0:43  Gateway  
  16  0:48  Probe (Chrono Boost)  
  17  0:57  Assimilator  
  17  0:59  Probe (Chrono Boost)  
  18  1:09  Probe (Chrono Boost), Pylon  
  19  1:20  Probe (Chrono Boost)  
  20  1:30  Probe (Chrono Boost)  
  20  1:32  Cybernetics Core  
  21  1:35  Gateway  
  21  1:46  Zealot  
  23  1:51  Pylon  
  23  1:58  Pylon  
  23  2:06  Assimilator  
  23  2:08  Warp Gate (Chrono Boost)  
  23  2:16  Gateway  
  23  2:21  Zealot  
  25  2:34  Twilight Council  
  25  2:35  Probe  
  26  2:47  Probe  
  27  3:04  Gateway  
  27  3:07  Pylon  
  25  3:22  Mothership Core  
  27  3:37  Charge (Chrono Boost)  
  25  4:03  Zealot x2  
  25  4:04  Zealot x2  
  33  4:25  Zealot x4  
  41  4:49  Zealot x4  
  49  4:58  Pylon  
  49  5:27  Zealot  
  49  5:28  Zealot x3  
  51  5:50  Zealot  
  51  5:51  Zealot x3  
  41  6:11  Zealot  
  41  6:12  Zealot x3  
  47  6:38  Zealot  
  47  6:39  Zealot x3  
  51  7:00  Zealot  
  51  7:01  Zealot x2  
Show
View Real Time Build Order
Export as new Build Order

Frozzen Zerg 

Build Orders: Hatch First 

Get SALT Encoding   

  12  0:00  Drone  
  13  0:09  Drone  
  14  0:18  Overlord  
  14  0:25  Drone, Extractor  
  15  0:37  Drone x2  
  17  0:54  Hatchery  
  17  0:56  Drone  
  17  1:01  Drone  
  18  1:05  Drone  
  19  1:18  Spawning Pool  
  19  1:21  Drone  
  19  1:27  Drone  
  20  1:37  Overlord  
  20  1:45  Extractor  
  19  2:05  Queen x2  
  19  2:06  Zergling x2  
  19  2:07  Zergling x4  
  26  2:11  Drone  
  27  2:17  Drone  
  27  2:22  Drone  
  29  2:29  Overlord  
  29  2:32  Drone  
  30  2:40  Drone  
  30  2:41  Queen  
  33  2:46  Overlord  
  33  2:49  Drone  
  34  2:54  Metabolic Boost  
  34  2:55  Drone  
  35  2:59  Drone  
  35  3:05  Drone  
  37  3:10  Drone  
  38  3:15  Drone x3  
  38  3:19  Drone x2  
  44  3:20  Drone  
  44  3:29  Drone x2, Extractor  
  44  3:31  Extractor  
  44  3:36  Overlord  
  44  3:53  Drone  
  44  3:54  Drone x2  
  47  3:57  Drone x4  
  47  3:59  Drone  
  47  4:02  Lair  
  52  4:07  Drone, Extractor  
  52  4:08  Drone  
  53  4:17  Overlord x2  
  53  4:28  Drone x4  
  57  4:31  Roach Warren  
  57  4:35  Overlord x4  
  55  5:03  Spire  
  55  5:05  Spore Crawler, Drone x2  
  55  5:06  Drone  
  55  5:11  Roach  
  55  5:12  Roach x6  
  58  5:24  Roach x5  
  56  5:37  Drone x4  
  50  5:56  Spawning Pool  
  47  6:11  Drone  
  47  6:12  Drone x6  
  54  6:20  Drone  
  54  6:22  Drone  
  54  6:34  Drone x2  
Tags
 
League
GoldGold
Matchup
PvZ
Replay Pack
21-11-15
Add a new tag
Caveats
  • Supply blocks, unpowered buildings, or Contaminate may cause inaccurate times.
  • Supply counts are checked every 10 seconds.